General information
- name: BNet
- type: Ladder team game (AT/RT)
- host: Battle.net
- saver: Ripsnort
map: Dragonblight
- players: 6
- length: 22:14
- speed: Fast
- version: 1.26 W3XP
- replay type: Public
» download(153 KB)
Players
team 1 (winner)

»
hahajpjp (
orange | 131 APM | 2900 actions | 22:13)
5 Blademaster
1 Wind Walk
3 Mirror Image
1 Critical Strike
4 Tauren Chieftain
2 Endurance Aura
2 Shockwave
» actions
| Assign group hotkey | 51 | |
| Basic commands | 448 | |
| Build / train | 175 | |
| ESC pressed | 1 | |
| Enter build submenu | 24 | |
| Enter hero's abilities submenu | 10 | |
| Give item / drop item | 7 | |
| Right click | 779 | |
| Select / deselect | 428 | |
| Select group hotkey | 841 | |
| Use ability | 136 | |
2900 total
» units
| Peon | 22 | |
| Troll Witch Doctor | 21 | |
| Shaman | 11 | |
| Tauren | 16 | |
| Spirit Walker | 1 | |
71 total
» upgrades
| Shaman Training | 2 | |
| Witch Doctor Training | 2 | |
| Pulverize | 1 | |
| Reinforced Defenses | 1 | |
| Spirit Walker Training | 2 | |
8 total
» buildings
| Altar of Storms | 1 | |
| Orc Burrow | 7 | |
| Voodoo Lounge | 3 | |
| Stronghold | 4 | |
| War Mill | 2 | |
| Fortress | 7 | |
| Spirit Lodge | 2 | |
| Tauren Totem | 2 | |
| Great Hall | 1 | |
| Watch Tower | 3 | |
32 total
» build order
00:05 Altar of Storms
00:19 Orc Burrow
00:52 Voodoo Lounge
01:35 Orc Burrow
02:33 Stronghold
02:33 Stronghold
02:33 Stronghold
02:38 War Mill
02:55 War Mill
03:01 Orc Burrow
03:30 Orc Burrow
03:46 Orc Burrow
04:54 Fortress
04:54 Fortress
04:55 Fortress
04:55 Fortress
04:59 Spirit Lodge
05:07 Spirit Lodge
07:26 Tauren Totem
07:28 Tauren Totem
13:15 Orc Burrow
14:02 Orc Burrow
14:04 Voodoo Lounge
16:11 Great Hall
17:59 Watch Tower
18:00 Watch Tower
18:02 Watch Tower
20:16 Voodoo Lounge
» items
| Healing Salve | 9 | |
| Lesser Clarity Potion | 6 | |
| Boots of Speed | 5 | |
| Scroll of Speed | 12 | |
| Orb of Lightning | 7 | |
| Scroll of Town Portal | 7 | |
| Potion of Healing | 1 | |
47 total
Daies (
teal | 122 APM | 2705 actions | 22:13)
5 Keeper of the Grove
3 Entangling Roots
2 Thorns Aura
4 Priestess of the Moon
2 Trueshot Aura
2 Scout
» actions
| Assign group hotkey | 290 | |
| Basic commands | 44 | |
| Build / train | 129 | |
| ESC pressed | 2 | |
| Enter build submenu | 16 | |
| Enter hero's abilities submenu | 9 | |
| Give item / drop item | 4 | |
| Remove unit from queue | 1 | |
| Right click | 1369 | |
| Select / deselect | 407 | |
| Select group hotkey | 343 | |
| Use ability | 91 | |
2705 total
» units
| Wisp | 29 | |
| Archer | 16 | |
| Hippogryph | 7 | |
52 total
» upgrades
| Improved Bows | 1 | |
| Strength of the Moon | 3 | |
| Hippogryph Taming | 1 | |
| Druid of the Talon Training | 2 | |
| Moon Armor | 3 | |
| Ultravision | 1 | |
| Reinforced Hides | 2 | |
| Strength of the Wild | 2 | |
| Marksmanship | 1 | |
| Well Spring | 1 | |
| Mark of the Talon | 1 | |
| Nature's Blessing | 1 | |
| Sentinel | 1 | |
| Upgrade Moon Glaive | 1 | |
| Vorpal Blades | 1 | |
22 total
» buildings
| Altar of Elders | 1 | |
| Moon Well | 9 | |
| Ancient of War | 1 | |
| Ancient of Wonders | 1 | |
| Tree of Ages | 2 | |
| Tree of Life | 1 | |
| Hunter's Hall | 1 | |
| Ancient of Wind | 2 | |
| Tree of Eternity | 2 | |
20 total
» build order
00:03 Altar of Elders
00:14 Moon Well
00:33 Ancient of War
01:30 Moon Well
01:47 Ancient of Wonders
02:42 Moon Well
04:40 Tree of Ages
04:41 Tree of Ages
05:02 Tree of Life
06:24 Hunter's Hall
06:28 Moon Well
08:34 Ancient of Wind
08:35 Ancient of Wind
08:44 Moon Well
08:45 Moon Well
10:13 Tree of Eternity
10:14 Tree of Eternity
10:17 Moon Well
10:19 Moon Well
10:23 Moon Well
» items
| Boots of Speed | 2 | |
| Potion of Healing | 6 | |
| Scroll of Town Portal | 5 | |
| Scroll of Regeneration | 2 | |
| Lesser Clarity Potion | 2 | |
| Orb of Venom | 5 | |
| Scroll of Healing | 1 | |
23 total
Ripsnort (
yellow | 54 APM | 1197 actions | 22:14)
4 Archmage
2 Blizzard
2 Brilliance Aura
3 Blood Mage
2 Flame Strike
1 Siphon Mana
» actions
| Assign group hotkey | 5 | |
| Basic commands | 9 | |
| Build / train | 71 | |
| ESC pressed | 2 | |
| Enter build submenu | 93 | |
| Enter hero's abilities submenu | 7 | |
| Right click | 251 | |
| Select / deselect | 254 | |
| Select group hotkey | 334 | |
| Use ability | 171 | |
1197 total
» units
| Peasant | 12 | |
| Goblin Shredder | 1 | |
| Sorceress | 1 | |
| Priest | 1 | |
| Dragonhawk Rider | 5 | |
20 total
» upgrades
| Masonry | 3 | |
| Sorceress Training | 1 | |
| Magic Sentry | 1 | |
5 total
» buildings
| Altar of Kings | 1 | |
| Farm | 5 | |
| Arcane Vault | 4 | |
| Lumber Mill | 2 | |
| Scout Tower | 98 | |
| Keep | 1 | |
| Guard Tower | 29 | |
| Arcane Sanctum | 1 | |
| Town Hall | 1 | |
| Gryphon Aviary | 1 | |
| Castle | 1 | |
| Arcane Tower | 1 | |
145 total
» build order
00:07 Altar of Kings
00:20 Farm
00:20 Farm
01:32 Arcane Vault
01:49 Lumber Mill
02:22 Scout Tower
02:24 Scout Tower
02:38 Keep
02:49 Scout Tower
03:11 Scout Tower
03:13 Guard Tower
03:17 Farm
03:19 Scout Tower
03:27 Guard Tower
03:45 Scout Tower
03:46 Guard Tower
03:50 Scout Tower
04:07 Scout Tower
04:14 Scout Tower
04:53 Scout Tower
04:55 Scout Tower
04:59 Scout Tower
05:26 Scout Tower
05:31 Scout Tower
06:18 Scout Tower
06:19 Scout Tower
06:25 Scout Tower
06:28 Scout Tower
06:30 Scout Tower
06:32 Scout Tower
06:42 Arcane Sanctum
07:13 Scout Tower
07:16 Scout Tower
07:21 Town Hall
07:27 Arcane Vault
07:36 Arcane Vault
07:38 Arcane Vault
07:44 Guard Tower
08:22 Scout Tower
08:25 Scout Tower
08:42 Scout Tower
08:44 Guard Tower
08:58 Scout Tower
09:01 Scout Tower
09:03 Guard Tower
09:06 Scout Tower
09:20 Gryphon Aviary
09:28 Scout Tower
09:29 Scout Tower
09:30 Scout Tower
09:32 Guard Tower
09:37 Scout Tower
09:52 Scout Tower
09:55 Scout Tower
09:59 Scout Tower
10:01 Scout Tower
10:04 Scout Tower
10:14 Farm
10:28 Castle
10:36 Scout Tower
10:37 Scout Tower
10:38 Guard Tower
10:46 Scout Tower
10:48 Scout Tower
10:53 Scout Tower
11:16 Scout Tower
11:17 Scout Tower
11:18 Guard Tower
11:21 Scout Tower
11:22 Guard Tower
11:39 Scout Tower
11:40 Guard Tower
12:00 Farm
12:03 Scout Tower
12:13 Guard Tower
12:15 Scout Tower
12:18 Scout Tower
13:09 Scout Tower
13:10 Scout Tower
13:12 Scout Tower
13:14 Guard Tower
13:16 Scout Tower
13:19 Scout Tower
13:41 Guard Tower
13:43 Scout Tower
13:43 Scout Tower
13:48 Guard Tower
14:15 Guard Tower
14:16 Scout Tower
14:17 Scout Tower
14:19 Scout Tower
14:21 Guard Tower
14:23 Scout Tower
14:38 Lumber Mill
15:49 Scout Tower
15:50 Scout Tower
15:52 Scout Tower
15:54 Guard Tower
15:57 Scout Tower
15:59 Scout Tower
16:01 Scout Tower
16:02 Scout Tower
16:04 Guard Tower
16:06 Scout Tower
16:08 Guard Tower
16:12 Scout Tower
16:13 Scout Tower
16:41 Guard Tower
16:41 Guard Tower
16:43 Scout Tower
16:44 Scout Tower
16:46 Scout Tower
16:47 Scout Tower
16:48 Scout Tower
16:49 Scout Tower
16:53 Guard Tower
17:01 Scout Tower
17:02 Scout Tower
17:03 Scout Tower
17:04 Guard Tower
18:25 Arcane Tower
18:27 Guard Tower
18:31 Guard Tower
18:34 Scout Tower
18:35 Scout Tower
18:36 Scout Tower
18:50 Scout Tower
18:51 Scout Tower
19:25 Scout Tower
19:26 Scout Tower
19:27 Scout Tower
19:29 Guard Tower
19:40 Scout Tower
19:41 Scout Tower
19:42 Scout Tower
19:43 Scout Tower
19:43 Scout Tower
20:13 Guard Tower
20:20 Scout Tower
20:23 Scout Tower
20:24 Scout Tower
22:03 Guard Tower
22:06 Scout Tower
22:06 Scout Tower
22:08 Scout Tower
» items
| Healing Salve | 1 | |
| Staff of Teleportation | 2 | |
3 total
team 2 (loser)

»
MiNTFLaVoReD (
green | 51 APM | 1120 actions | 22:01)
3 Death Knight
2 Death Coil
1 Unholy Aura
1 Lich
1 Frost Nova
» actions
| Assign group hotkey | 8 | |
| Basic commands | 51 | |
| Build / train | 90 | |
| Enter build submenu | 23 | |
| Enter hero's abilities submenu | 4 | |
| Give item / drop item | 3 | |
| Remove unit from queue | 5 | |
| Right click | 363 | |
| Select / deselect | 439 | |
| Select group hotkey | 55 | |
| Use ability | 79 | |
1120 total
» units
| Acolyte | 28 | |
| Ghoul | 5 | |
| Crypt Fiend | 11 | |
| Frost Wyrm | 3 | |
47 total
» upgrades
| Creature Carapace | 3 | |
| Creature Attack | 3 | |
| Web | 1 | |
| Freezing Breath | 1 | |
8 total
» buildings
| Crypt | 3 | |
| Graveyard | 1 | |
| Altar of Darkness | 1 | |
| Ziggurat | 8 | |
| Tomb of Relics | 2 | |
| Halls of the Dead | 1 | |
| Necropolis | 1 | |
| Black Citadel | 1 | |
| Nerubian Tower | 2 | |
| Sacrificial Pit | 1 | |
| Spirit Tower | 5 | |
| Boneyard | 3 | |
29 total
» build order
00:08 Crypt
00:21 Graveyard
00:32 Altar of Darkness
00:52 Ziggurat
01:06 Tomb of Relics
01:49 Ziggurat
04:24 Halls of the Dead
05:00 Necropolis
05:16 Ziggurat
06:46 Black Citadel
06:54 Ziggurat
07:48 Nerubian Tower
08:09 Tomb of Relics
08:15 Ziggurat
08:23 Ziggurat
08:29 Sacrificial Pit
08:37 Ziggurat
09:07 Spirit Tower
09:20 Boneyard
09:21 Boneyard
09:27 Boneyard
09:45 Spirit Tower
09:46 Spirit Tower
13:46 Spirit Tower
14:31 Spirit Tower
14:32 Nerubian Tower
14:38 Ziggurat
16:24 Crypt
16:25 Crypt
» items
| Rod of Necromancy | 1 | |
| Orb of Corruption | 2 | |
| Scroll of Town Portal | 3 | |
| Healing Salve | 2 | |
| Lesser Clarity Potion | 4 | |
| Potion of Healing | 1 | |
| Orb of Lightning | 1 | |
14 total

»
Diomedez (
red | 51 APM | 1138 actions | 22:12)
5 Blademaster
3 Wind Walk
2 Critical Strike
» actions
| Assign group hotkey | 27 | |
| Basic commands | 76 | |
| Build / train | 58 | |
| Enter build submenu | 19 | |
| Enter hero's abilities submenu | 5 | |
| Give item / drop item | 1 | |
| Remove unit from queue | 7 | |
| Right click | 338 | |
| Select / deselect | 277 | |
| Select group hotkey | 281 | |
| Use ability | 49 | |
1138 total
» units
| Peon | 11 | |
| Grunt | 7 | |
| Shaman | 7 | |
| Tauren | 8 | |
33 total
» upgrades
| Shaman Training | 2 | |
| Armor | 2 | |
| Witch Doctor Training | 1 | |
| Pulverize | 1 | |
| Melee Weapons | 1 | |
7 total
» buildings
| Altar of Storms | 1 | |
| Barracks | 1 | |
| Orc Burrow | 8 | |
| Voodoo Lounge | 1 | |
| Stronghold | 1 | |
| War Mill | 1 | |
| Fortress | 1 | |
| Spirit Lodge | 1 | |
| Tauren Totem | 3 | |
| Watch Tower | 2 | |
| Great Hall | 1 | |
21 total
» build order
00:07 Altar of Storms
00:18 Barracks
00:29 Orc Burrow
01:44 Orc Burrow
02:28 Voodoo Lounge
03:51 Orc Burrow
04:00 Stronghold
04:31 War Mill
06:23 Fortress
06:30 Orc Burrow
06:50 Spirit Lodge
08:49 Tauren Totem
11:10 Watch Tower
11:14 Watch Tower
11:33 Tauren Totem
13:26 Orc Burrow
16:55 Tauren Totem
17:44 Orc Burrow
18:34 Orc Burrow
19:18 Orc Burrow
21:29 Great Hall
» items
| Healing Salve | 2 | |
| Orb of Lightning | 1 | |
| Scroll of Town Portal | 1 | |
4 total
alwayzwinter81 (
blue | 39 APM | 864 actions | 22:09)
3 Far Seer
2 Chain Lighting
1 Feral Spirit
1 Shadow Hunter
1 Hex
» actions
| Assign group hotkey | 25 | |
| Basic commands | 140 | |
| Build / train | 54 | |
| Enter build submenu | 15 | |
| Enter hero's abilities submenu | 4 | |
| Give item / drop item | 1 | |
| Right click | 247 | |
| Select / deselect | 214 | |
| Select group hotkey | 111 | |
| Use ability | 53 | |
864 total
» units
| Peon | 9 | |
| Grunt | 5 | |
| Spirit Walker | 4 | |
| Raider | 8 | |
| Tauren | 7 | |
33 total
» upgrades
| Berserker Strength | 1 | |
| Spirit Walker Training | 2 | |
| Melee Weapons | 1 | |
| Ensnare | 1 | |
| Pulverize | 1 | |
| Armor | 1 | |
7 total
» buildings
| Orc Burrow | 7 | |
| Barracks | 1 | |
| Altar of Storms | 1 | |
| Voodoo Lounge | 1 | |
| Stronghold | 1 | |
| War Mill | 1 | |
| Spirit Lodge | 1 | |
| Fortress | 1 | |
| Beastiary | 1 | |
| Tauren Totem | 1 | |
16 total
» build order
00:07 Orc Burrow
00:37 Barracks
00:57 Altar of Storms
01:26 Orc Burrow
02:49 Orc Burrow
03:34 Voodoo Lounge
03:47 Stronghold
04:38 War Mill
05:14 Orc Burrow
06:21 Spirit Lodge
06:23 Fortress
07:52 Orc Burrow
08:12 Beastiary
09:05 Tauren Totem
12:10 Orc Burrow
13:29 Orc Burrow
» items
| Healing Salve | 2 | |
| Potion of Healing | 2 | |
| Scroll of Speed | 2 | |
6 total
Chat log
(00:12 / Allies) Ripsnort: oj go batz
(00:31 / Allies) Daies: range start
(07:21 / Allies) Daies: shop?
(08:27 / Allies) Daies: can we have a shop?
(08:39 / Allies) Daies: oo thx!
(10:38 / All) Ripsnort: fartz
(11:35 / All) Ripsnort: fartz
(12:08 / Allies) hahajpjp: go
(12:38 / Allies) Ripsnort: b
(12:40 / Allies) Ripsnort: tp
(13:00 / Allies) hahajpjp: i...b
(14:25 / Allies) Ripsnort: LUMBZ
(14:44 / Allies) Daies: air
(14:47 / Allies) hahajpjp: k
(14:53 / Allies) hahajpjp: go
(15:40 / All) Ripsnort: fartz
(16:58 / All) Ripsnort: fartz
(18:02 / All) Ripsnort: fartz
(18:41 / All) Ripsnort: fartz
(18:49 / Allies) Daies: care
(19:38 / Allies) hahajpjp: tp all
(19:47 / Allies) hahajpjp: b
(20:09 / All) Ripsnort: fartz
(21:06 / All) Ripsnort: fartz
(21:27 / All) Ripsnort: fartz
(21:29 / Allies) Daies: coming
(21:57 / All) Ripsnort: fartz
(22:12 / All) Ripsnort: WHAT A RIP SNORTER